AoeStats
← TioAldi17

Arabia

509769983Analyzed
2v2 RM · 6d ago on Sep 28, 2026· 50m 54s· 4 players
Game mode
Random Map
Map size
Medium (4 player)
Population
200
Speed
Normal
Resources
Standard
Victory
Conquest
Starting age
Dark Age
Ending age
Imperial Age
RankedLock teamsTeams togetherTeam positionsShared explorationLock speedFull tech treeHidden civsTurbo modeCheats
Victory
Defeat
🇨🇱 Byzantines · Chile
1303
+16
🇨🇱 Mapuche · Chile
1302
+16
🇧🇪 Saxons · Belgium
1315
-16
🇫🇷 Ethiopians · France
1309
-16
TioAldi17
8:50 Loom
11:16 Feudal Age
11:55 Double-Bit Axe
18:42 Fletching
20:45 Horse Collar
29:27 Castle Age
30:28 Bow Saw
31:25 Heavy Plow
33:28 Wheelbarrow
33:42 Forging
33:37 Scale Barding Armor
33:42 Stone Mining
34:43 Husbandry
37:04 Iron Casting
38:33 Chain Barding Armor
39:05 Hand Cart
43:41 Imperial Age
41:40 Gold Mining
43:42 Elite Cataphract
45:59 Plate Barding Armor
45:59 Logistica
48:57 Conscription
piñaples
7:15 Loom
10:37 Feudal Age
11:43 Double-Bit Axe
13:45 Fletching
17:06 Padded Archer Armor
23:22 Castle Age
22:38 Horse Collar
22:53 Gold Mining
24:03 Bodkin Arrow
23:32 Crossbowman
26:01 Leather Archer Armor
28:19 Wheelbarrow
30:09 Ballistics
30:15 Champi Runner
31:46 Town Watch
31:54 Champi Warrior
32:35 Scale Mail Armor
35:00 Arson
35:31 Chain Mail Armor
37:53 Imperial Age
37:49 Forging
38:13 Hand Cart
38:58 Conscription
38:24 Elite Champi Warrior
40:18 Plate Mail Armor
39:32 Capped Ram
43:07 Coinage
43:26 Iron Casting
45:07 Blast Furnace
45:16 Town Patrol
47:03 Elite Kona
49:53 Chemistry
49:24 Ring Archer Armor
50:08 Hoardings
49:45 Masonry
IneedMoney$
7:11 Loom
9:36 Feudal Age
9:42 Man-at-Arms
14:50 Double-Bit Axe
16:09 Scale Barding Armor
19:45 Wheelbarrow
19:43 Fletching
19:54 Padded Archer Armor
22:52 Horse Collar
23:02 Gold Mining
29:33 Castle Age
29:44 Crossbowman
36:36 Hand Cart
36:33 Bow Saw
36:25 Heavy Plow
41:11 Leather Archer Armor
40:54 Bodkin Arrow
41:57 Leather Archer Armor
42:42 Ballistics
43:35 Thumb Ring
51:36 Imperial Age
Sun
4:59 Loom
10:25 Feudal Age
11:15 Double-Bit Axe
15:07 Scale Barding Armor
15:49 Horse Collar
22:29 Castle Age
22:06 Wheelbarrow
21:16 Town Watch
22:27 Forging
22:09 Fletching
22:29 Scale Mail Armor
25:07 Bow Saw
24:59 Heavy Plow
25:47 Iron Casting
25:28 Chain Mail Armor
28:11 Fletching
31:02 Bodkin Arrow
34:39 Stone Mining
35:05 Squires
34:50 Arson
37:27 Hand Cart
38:04 Gold Mining
39:20 Gold Shaft Mining
42:46 Imperial Age
41:31 Town Patrol
44:43 Chemistry
44:30 Plate Mail Armor
44:01 Bracer
44:24 Ballistics
43:27 Capped Ram
44:34 Conscription
44:33 Shield Wall
45:00 Elite Hearth Troop
46:50 Siege Ram
48:52 Two-Man Saw
Connection lost

Rejoining the realm…

Still unreachable

The connection could not be restored.

Session expired

The server has moved on; the page needs a fresh start.